 Dungeon Crawl Stone Soup version 0.30.1-9-gdf580d7c3d (webtiles) character file.

Game seed: 3411391887255535261

2055 Wiggles the Cleaver (level 9, 0/118 HPs)
             Began as a Minotaur Berserker on Oct 23, 2023.
             Was an Elder of Trog.
             Slain by a steam dragon (3 damage)
             ... on level 6 of the Dungeon.
             The game lasted 00:08:27 (4832 turns).

Wiggles the Cleaver (Minotaur Berserker)            Turns: 4832, Time: 00:08:27

Health: 0/118      AC: 16    Str: 28    XL:     9   Next: 5%
Magic:  8/8        EV: 10    Int:  4    God:    Trog [****..]
Gold:   290        SH:  0    Dex: 10    Spells: 8/8 levels left

rFire   . . .        a - +0 hand axe
rCold   + . .        (no shield)
rNeg    . . .        q - +5 chain mail of Modesty {+Inv rElec rPois rC+ Str+2}
rPois   +            (helmet restricted)
rElec   +            n - +0 cloak
rCorr   .            (no gloves)
SInv    +            (no boots)
Will    .....        (no amulet) Stlth
                     (no ring)
HPRegen 0.39/turn    (no ring)
MPRegen 0.11/turn

%: no passive effects
@: confused, berserking (expiring), very quick
A: horns 2, retaliatory headbutt, claws 1, see invisible, noise suppression
a: Renounce Religion, Evoke Invisibility, Berserk, Trog's Hand, Brothers in Arms


You were on level 6 of the Dungeon.
You worshipped Trog.
Trog was greatly pleased with you.
You visited 1 branch of the dungeon, and saw 6 of its levels.
You also visited: Ossuary.

You collected 290 gold pieces.

Inventory:

Hand Weapons
 a - a +0 hand axe (weapon)
Armour
 g - a +0 chain mail
 n - a +0 cloak (worn)
 q - the +5 chain mail of Modesty (worn) {+Inv rElec rPois rC+ Str+2}
   (You found it on level 3 of the Dungeon)

   Str:       It affects your strength (+2).
   rC:        It protects you from cold.
   rElec:     It insulates you from electricity.
   rPois:     It protects you from poison.
   +Inv:      It lets you turn invisible.
Jewellery
 F - an amulet of guardian spirit
Wands
 r - a wand of charming (4)
 t - a wand of iceblast (12)
Scrolls
 b - 5 scrolls of identify {unknown}
 c - 3 scrolls of fog {unknown}
 d - a scroll of blinking {unknown}
 e - 3 scrolls of teleportation {unknown}
 f - a scroll of immolation {unknown}
 i - 2 scrolls of vulnerability {unknown}
 l - 2 scrolls of poison {unknown}
 m - a scroll of silence {unknown}
 p - 2 scrolls of amnesia {unknown}
 s - 2 scrolls of noise {unknown}
 u - a scroll of torment {unknown}
 w - a scroll of magic mapping {unknown}
 x - a scroll of enchant armour {unknown}
 y - 2 scrolls of enchant weapon {unknown}
Potions
 h - a potion of invisibility {unknown}
 j - a potion of berserk rage {unknown}
 k - a potion of might
 o - 3 potions of curing {unknown}
 v - 2 potions of flight {unknown}
 z - 4 potions of heal wounds {unknown}
 A - 2 potions of attraction {unknown}
 B - a potion of lignification {unknown}
 C - a potion of degeneration {unknown}
 D - a potion of brilliance {unknown}
 E - a potion of cancellation {unknown}


   Skills:
 + Level 7.0 Fighting
 + Level 10.5 Axes
 + Level 6.9 Armour
 + Level 4.6 Dodging
 + Level 1.3 Stealth


You had 8 spell levels left.
You didn't know any spells.
Your spell library was empty.

Dungeon Overview and Level Annotations

Branches:
Dungeon (6/15)             Temple (0/1) D:5         Ossuary (visited)

Altars:
Fedhas
Okawaru

Shops:
D:2 =*=

Annotations:
D:6 Pikel


Innate Abilities, Weirdness & Mutations

You have a pair of horns on your head.
You reflexively headbutt those who attack you in melee.
You have sharp fingernails.
You have supernaturally acute eyesight. (SInv)
You passively dampen the noise of your surroundings.


Message History

You closely miss the orc wizard.
The orc wizard is almost dead.
You slash the lemure! x2; You hit the steam dragon.
Your ogre completely misses the iguana.
The iguana bites your ogre!
The orc wizard points at you and mumbles some strange words.
You are confused.
The lemure hits you but does no damage.
The steam dragon bites you but does no damage.
The steam dragon claws you but does no damage.
The lemure completely misses you.
You slash the lemure!
You kill the lemure!
That felt strangely unrewarding.
You barely miss the lemure.
You hit the orc wizard but do no damage.
You closely miss the steam dragon. You barely miss the orc wizard.
The orc wizard is almost dead.
You hit the lemure. You completely miss the steam dragon.
Your ogre barely misses the iguana.
You bump into the rock wall.
The lemure closely misses you. The iguana bites your ogre!
Your ogre dies!
Your ogre's corpse disappears in a puff of smoke!
The steam dragon bites you.
* * * LOW HITPOINT WARNING * * *
The steam dragon completely misses you.
The orc wizard hits you but does no damage.
You hit the orc wizard.
You kill the orc wizard!
Trog accepts your kill.
Trog appreciates your killing of a magic user.
You slash the steam dragon! You miss the lemure.
Your Fighting skill increases to level 7!
You bump into the rock wall.
The steam dragon bites you but does no damage.
The steam dragon barely misses you. The lemure closely misses you.
You hit the steam dragon. Your headbutt misses the steam dragon.
The steam dragon is severely wounded.
You miss the lemure. You slash the lemure! The steam dragon bites you.
You die...

... .... .. #..#
...... #§.. ##.##..
#.!. .......### .§# .
...#...!.####l##....
. #.........5@5......
..#...#.#...D###.....
.........)..K....5...
................#...$
#........).....§..
#..............§##
#............§..#
#.........?####...
#..........# ###


You could see Pikel, a steam dragon, 2 lemures and an iguana.

Vanquished Creatures
  The ghost of monsoonserge the Gusty, a novice TeAE (D:5)
  Sigmund (D:6)
  Menkaure (D:5)
  2 ogres
  2 ice beasts (D:5)
  2 lemures (D:6)
  2 scorpions
  4 elf skeletons (D:5)
  A centaur zombie (D:5)
  3 hounds (D:5)
  A bullfrog skeleton (D:5)
  An iguana (D:4)
  A centaur skeleton (D:5)
  A sleepcap (D:5)
  6 orc wizards
  A human skeleton (D:5)
  A killer bee zombie (D:5)
  14 mummies (Ossuary)
  9 adders
  An ufetubus (D:4)
  2 worms
  7 dart slugs
  11 orcs
  6 bats
  7 endoplasms
  8 giant cockroaches
  8 goblins
  8 hobgoblins
  5 jackals
  7 kobolds
  5 quokkas
  3 ball pythons
  6 frilled lizards
  2 gnoll skeletons (Ossuary)
  2 goblin skeletons (Ossuary)
  2 kobold skeletons (Ossuary)
  3 orc skeletons
  7 rats
  11 rat skeletons (Ossuary)
165 creatures vanquished.

Vanquished Creatures (others)
  A hound (D:6)
  An orc (D:6)
2 creatures vanquished.

Grand Total: 167 creatures vanquished

Notes
Turn   | Place    | Note
-------+----------+-------------------------------------------
     0 | D:1      | Wiggles the Minotaur Berserker began the quest for the Orb.
     0 | D:1      | Reached XP level 1. HP: 19/19 MP: 0/0
    74 | D:1      | Reached XP level 2. HP: 27/27 MP: 1/1
   122 | D:1      | Reached skill level 4 in Axes
   372 | D:1      | Reached XP level 3. HP: 33/33 MP: 2/2
   376 | D:1      | Reached ** piety under Trog
   898 | D:2      | Found Gaib's Jewellery Shop.
   980 | D:2      | Reached XP level 4. HP: 32/40 MP: 3/3
  1024 | D:2      | You fall into a shaft and drop 1 floor!
  1052 | D:3      | Gained mutation: You have supernaturally acute eyesight.
                  | (SInv) [potion of mutation]
  1052 | D:3      | Gained mutation: You passively dampen the noise of your
                  | surroundings. [potion of mutation]
  1052 | D:3      | Gained mutation: You have sharp fingernails. [potion of
                  | mutation]
  1056 | D:3      | HP: 3/61 [orc/+0 hand axe (1)]
  1057 | D:3      | HP: 1/61 [orc/+0 hand axe (1)]
  1061 | D:3      | Reached skill level 5 in Axes
  1264 | D:2      | Reached XP level 5. HP: 47/47 MP: 4/4
  1294 | D:2      | Found Pofeiwke's General Store.
  1656 | D:2      | Found Uzulixt's Magic Scroll Shoppe.
  1722 | D:2      | Found Neonokh's Jewellery Boutique.
  1728 | D:2      | Reached *** piety under Trog
  2269 | D:3      | Reached skill level 1 in Stealth
  2366 | D:3      | Identified the +5 chain mail of Modesty {+Inv rElec rPois
                  | rC+ Str+2}
  2767 | D:4      | Reached skill level 6 in Axes
  2767 | D:4      | Reached XP level 6. HP: 47/53 MP: 5/5
  2818 | D:4      | Found a blossoming altar of Fedhas.
  3149 | D:5      | Entered Level 5 of the Dungeon
  3176 | D:5      | Reached skill level 7 in Axes
  3204 | D:5      | Found a staircase to the Ecumenical Temple.
  3234 | D:5      | Reached XP level 7. HP: 60/60 MP: 6/6
  3240 | D:5      | Found an iron altar of Okawaru.
  3248 | D:5      | Found a runed translucent gate.
  3248 | D:5      | Found a runed translucent gate.
  3249 | D:5      | Found a runed translucent gate.
  3252 | D:5      | Noticed monsoonserge's ghost (novice TeAE)
  3274 | D:5      | Reached skill level 5 in Fighting
  3351 | D:5      | Noticed Menkaure
  3357 | D:5      | Killed Menkaure
  3358 | D:5      | Reached skill level 8 in Axes
  3380 | D:5      | Reached skill level 5 in Armour
  3420 | D:5      | Found a sand-covered staircase.
  3425 | Ossuary  | Entered an ossuary
  3462 | Ossuary  | Reached **** piety under Trog
  3542 | Ossuary  | Reached XP level 8. HP: 69/69 MP: 7/7
  4066 | D:5      | Reached skill level 9 in Axes
  4683 | D:5      | Reached skill level 10 in Axes
  4684 | D:5      | Killed monsoonserge's ghost
  4762 | D:6      | Noticed Sigmund
  4777 | D:6      | Killed Sigmund
  4778 | D:6      | Reached XP level 9. HP: 78/78 MP: 8/8
  4810 | D:6      | Noticed Pikel
  4822 | D:6      | HP: 3/78 [steam dragon (2)]
  4829 | D:6      | HP: 2/117 [steam dragon (4)]
  4832 | D:6      | Slain by a steam dragon

Illustrated notes

Levels and vault maps discovered:
D:1:      eino_arrival_cavern_c, layout_loops_ring,
          hangedman_abyss_or_decor_stabs
D:2:      layout_basic, serial_shops, shop_statue, nicolae_shop_trees,
          nicolae_shop_behind_doors, nicolae_shop_trees
D:3:      layout_basic
D:4:      layout_cave_pools, lemuel_crystal_altar, serial_rivers,
          chequers_serial_rivers_micro_b, chequers_serial_rivers_micro_b,
          chequers_serial_rivers_micro_c, chequers_serial_rivers_micro_b,
          kennysheep_big_empty_room
D:5:      layout_loops_cross, okawaru_trees_2, temple_pool_b,
          gammafunk_ghost_necromancy, nicolae_ossuary_entry_catacombs,
          chequers_serial_rivers_marsh, uniq_menkaure
D:6:      layout_rooms, kiku_gazebo_pond_becter, uniq_pikel, uniq_sigmund,
          uniq_duvessa

Skill      XL: |  1  2  3  4  5  6  7  8  9 |
---------------+----------------------------+-----
Axes           | 4 5 6 7 8 10 | 10.5
Fighting       | 4 5 6 7 |  7.0
Armour         | 3 4 5 6 |  6.9
Dodging        | 3 4 |  4.6
Stealth        | 1 |  1.3

Action                     |  1- 3 |  4- 6 |  7- 9 || total
---------------------------+-------+-------+-------++-------
  Melee: Hand axe          |    84 |   130 |   227 ||   441
         Headbutt          |    13 |    21 |    49 ||    83
         Punch             |       |     2 |     9 ||    11
 Invoke: Berserk           |       |     3 |     5 ||     8
         Brothers in Arms  |       |       |     1 ||     1
    Use: Potion            |       |     2 |       ||     2
   Stab: Sleeping          |     2 |       |       ||     2
 Armour: Animal skin       |     3 |       |       ||     3
         Leather armour    |    25 |     2 |       ||    27
         Chain mail        |       |    71 |   116 ||   187
  Dodge: Dodged            |    60 |    58 |   116 ||   234
